 Dungeon Crawl Stone Soup version 0.26-a0-651-gb41185065b (webtiles) character file.

Game seed: 1208885795861034460

(classic levelgen) 113 EnegeticOcto the Shield-Bearer (level 4, -7/42 HPs)
             Began as a Deep Dwarf Fighter on Oct 23, 2020.
             Killed by nerve-wracking pain
             ... invoked by Menkaure
              (11 damage)
             ... in an ossuary.
             The game lasted 00:02:14 (436 turns).

EnegeticOcto the Shield-Bearer (Deep Dwarf Fighter)  Turns: 436, Time: 00:02:15

Health: -7/42      AC:  7    Str: 20    XL:     4   Next: 65%
Magic:  2/2        EV:  7    Int:  9    God:
Gold:   35         SH:  9    Dex: 12    Spells: 3/3 levels left

rFire    . . .     SeeInvis .   a - +0 war axe
rCold    . . .     Faith    .   c - +0 kite shield
rNeg     . . .     Spirit   .   b - +0 scale mail
rPois    .         Reflect  .   (no helmet)
rElec    .         Harm     .   (no cloak)
rCorr    .         Rampage  .   (no gloves)
MR       .....                  (no boots)
Stlth    ..........             (no amulet)
HPRegen  0.00/turn              (no ring)
MPRegen  0.08/turn              (no ring)

@: marked, non-regenerating
A: damage resistance, heal wounds, sense surroundings 1, no regeneration
a: Heal Wounds


You were in an ossuary.
You visited 1 branch of the dungeon, and saw 4 of its levels.
You also visited: Ossuary.

You collected 35 gold pieces.

Inventory:

Hand Weapons
 a - a +0 war axe (weapon)
Armour
 b - a +0 scale mail (worn)
 c - a +0 kite shield (worn)
Potions
 d - a potion of might {@q3}
 e - a potion of curing {unknown}


   Skills:
 + Level 3.3 Fighting
 + Level 3.3 Axes
 + Level 4.1 Armour
 + Level 4.1 Shields


You had 3 spell levels left.
You didn't know any spells.
Your spell library was empty.

Dungeon Overview and Level Annotations

Branches:
Dungeon (4/15)            Ossuary (1/1)
 Temple: D:4-7

Altars:
Dithmenos

Annotations:
Ossuary Menkaure


Innate Abilities, Weirdness & Mutations

You are resistant to damage.
You can heal yourself by infusing magical energy.
You passively map a small area around you.
You do not regenerate.


Message History

You hit the mummy.
The mummy is moderately damaged.
A hobgoblin skeleton comes into view.
The mummy barely misses you.
You slash the mummy!
The mummy is almost destroyed.
An arrow hits the kobold zombie!
You slash the mummy!
You destroy the mummy!
Your Armour skill increases to level 4!
You hit the kobold zombie. You barely miss the kobold zombie.
The kobold zombie is severely damaged.
You block the kobold zombie's attack.
You hit the kobold zombie.
You destroy the kobold zombie!
You hit the mummy but do no damage. The mummy hits you!
You hit the mummy but do no damage.
The mummy is moderately damaged.
You slash the rat zombie!
You destroy the rat zombie!
A hobgoblin zombie comes into view.
The mummy hits you!
You hit the mummy but do no damage.
The mummy is moderately damaged.
An arrow hits the orc skeleton!
You block the mummy's attack.
You barely miss the mummy.
The mummy is moderately damaged.
You barely miss the orc skeleton. You block the orc skeleton's attack.
Your magical essence is drained by the effort!
You feel much better. The mummy hits you!
A kobold zombie comes into view.
You block the orc skeleton's attack.
You hit the mummy but do no damage.
The mummy is moderately damaged.
You hit the orc skeleton. You block the mummy's attack.
You block the orc skeleton's attack.
You slash the orc skeleton!
You destroy the orc skeleton!
Your shield prevents you from hitting the mummy.
An arrow hits the goblin zombie!
Menkaure, Prince of Dust comes into view.
The goblin zombie hits you. The mummy hits you!
You are too injured to fight recklessly!
You are too injured to fight recklessly!
You feel much better.
An arrow hits the kobold zombie!
The mummy barely misses you.
You hit the goblin zombie.
You destroy the goblin zombie!
You hit the mummy. You block the mummy's attack.
You hit the mummy.
The mummy is severely damaged.
You slash the kobold zombie!
You destroy the kobold zombie!
An arrow hits the hobgoblin skeleton!
You block the mummy's attack.
You slash the mummy!
You destroy the mummy!
You hit the hobgoblin skeleton.
The hobgoblin skeleton barely misses you.
You barely miss the hobgoblin skeleton.
The hobgoblin skeleton is severely damaged.
You barely miss the hobgoblin zombie. The hobgoblin zombie barely misses you.
An arrow hits the kobold zombie!
The hobgoblin skeleton hits you but does no damage.
You slash the hobgoblin skeleton!
You destroy the hobgoblin skeleton!
You completely miss the hobgoblin zombie.
The hobgoblin zombie hits you but does no damage.
Menkaure casts a spell.
Menkaure seems to speed up.
The hobgoblin zombie hits you but does no damage.
You barely miss the kobold zombie.
The kobold zombie is moderately damaged.
You slash the hobgoblin zombie!
You destroy the hobgoblin zombie!
The kobold zombie closely misses you.
Menkaure calls on the powers of darkness!
Your body is wracked with pain!
The kobold zombie hits you but does no damage.
You slash the kobold zombie!
You destroy the kobold zombie!
A gnoll zombie comes into view.
Menkaure hits you!
* * * LOW HITPOINT WARNING * * *
You are too injured to fight recklessly!
You are too injured to fight recklessly!
Your magical essence is drained by the effort!
You feel much better. Menkaure hits you!
An arrow hits the gnoll zombie!
You slash Menkaure!
Menkaure is moderately damaged.
Menkaure hits you!
* * * LOW HITPOINT WARNING * * *
A rat skeleton comes into view.
Menkaure barely misses you.
You are too injured to fight recklessly!
You fail to use your ability.
The gnoll zombie hits you but does no damage.
Menkaure casts a spell at you. Pain shoots through your body!
You die...

##^.##..##....##..#
##..##..##.M##..##..
##..##..##..####..##.
##..##..##..##, ##M.##
##..##..##..## , ##.^#
##.^##..##..## , ##..
##..##..##..##, ∩ ##.
##.^##^.##..## , ^ ##
##..##..##@.##^ , ^#
##Z^##.^##ZM######## '
##..##..##..^Z.Z.ZM.. ,
##..##..######################
##.^##.........................
##..############################
#......^.................^......
################################


You could see Menkaure (fast), a gnoll zombie and a rat skeleton.

Vanquished Creatures
  A bullfrog skeleton (D:4)
  3 mummies (Ossuary)
  A worm (D:2)
  A dart slug (D:1)
  A bat zombie (D:1)
  A giant cockroach (D:2)
  3 goblins (D:2)
  3 hobgoblins
  2 jackals (D:2)
  2 frilled lizards
  A gnoll skeleton (Ossuary)
  3 goblin skeletons (Ossuary)
  6 goblin zombies (Ossuary)
  5 hobgoblin skeletons (Ossuary)
  6 hobgoblin zombies (Ossuary)
  3 kobold skeletons (Ossuary)
  4 kobold zombies (Ossuary)
  A leopard gecko zombie (D:1)
  7 orc skeletons (Ossuary)
  3 orc zombies (Ossuary)
  2 rats
  2 rat skeletons (Ossuary)
  3 rat zombies (Ossuary)
64 creatures vanquished.

Vanquished Creatures (others)
  A bat (D:1)
  A goblin zombie (Ossuary)
  2 orc skeletons (Ossuary)
  A rat skeleton (Ossuary)
  A rat zombie (Ossuary)
6 creatures vanquished.

Grand Total: 70 creatures vanquished

Notes
Turn   | Place    | Note
-------+----------+-------------------------------------------
     0 | D:1      | EnegeticOcto the Deep Dwarf Fighter began the quest for the
                  | Orb.
     0 | D:1      | Reached XP level 1. HP: 20/20 MP: 1/1
    65 | D:2      | Reached XP level 2. HP: 18/27 MP: 2/2
   122 | D:4      | Reached XP level 3. HP: 25/34 MP: 3/3
   131 | D:4      | Found a shadowy altar of Dithmenos.
   157 | D:4      | Found a sand-covered staircase.
   164 | Ossuary  | Entered an ossuary
   369 | Ossuary  | Reached XP level 4. HP: 30/42 MP: 4/4
   424 | Ossuary  | Noticed Menkaure
   436 | Ossuary  | Killed from afar by Menkaure

Illustrated notes

Levels and vault maps discovered:
D:1:      saegor_arrival_fortress, layout_rooms, minivault_14
D:2:      layout_rooms, hangedman_decor_push, uniq_terence, uniq_jessica
D:3:      layout_basic, kiku_gazebo_garden_becter, lemuel_angel_altar,
          uniq_robin, uniq_ijyb
D:4:      layout_layer_cave, old_standard_altar, serial_shops, shop,
          enter_ossuary_4, minmay_bent
Ossuary:  ossuary_due_pyramid

Skill      XL: |  1  2  3  4 |
---------------+-------------+-----
Fighting       | 3 |  3.3
Axes           | 3 |  3.3
Shields        | 4 |  4.1
Armour         | 4 |  4.1

Action                   |  1- 3 |  4- 6 || total
-------------------------+-------+-------++-------
Melee: War axe           |    78 |    37 ||   115
 Abil: Heal Wounds       |     1 |     4 ||     5
  Use: Scroll            |     1 |       ||     1
Armor: Scale mail        |    57 |     8 ||    65
Dodge: Dodged            |    41 |     8 ||    49
Block: Kite shield       |    58 |    15 ||    73

Table legend: (Time is in decaauts)
 A = Elapsed time spent in this place.
 B = Non-inter-level travel time spent in this place.
 C = Inter-level travel time spent in this place.
 D = Time resting spent in this place.
 E = Time spent auto-exploring this place.
 F = Levels seen in this place.
 G = Mean time per level.
                   A        B        C        D        E       F      G
               +--------+--------+--------+--------+--------+-----+--------+
         Total |    482 |    482 |      0 |      0 |      0 |   5 |   96.4 |
       Dungeon |    178 |    178 |      0 |      0 |      0 |   4 |   44.5 |
       Ossuary |    303 |    303 |      0 |      0 |      0 |   1 |  303.0 |
               +--------+--------+--------+--------+--------+-----+--------+

Top non-repeatable levels by time:
 Ossuary: 303 daAuts
     D:1: 65 daAuts
     D:2: 56 daAuts
     D:4: 50 daAuts
     D:3: 6 daAuts
